 Dungeon Crawl Stone Soup version 0.29-a0-1023-g6ae1a4a2c7 (webtiles) character file.

Game seed: 17143749188667869322

127 HoaS the Shooter (level 5, -7/30 HPs)
             Began as a Gargoyle Hunter on Aug 11, 2022.
             Mangled by a gnoll
             ... wielding a +2 flail of protection
              (11 damage)
             ... on level 3 of the Dungeon.
             The game lasted 00:03:23 (1696 turns).

HoaS the Shooter (Gargoyle Hunter)                  Turns: 1696, Time: 00:03:24

Health: -7/30      AC:  8    Str: 14    XL:     5   Next: 11%
Magic:  5/5        EV: 11    Int: 10    God:
Gold:   101        SH:  0    Dex: 15    Spells: 4/4 levels left

rFire   . . .      SeeInvis .   a - +0 shortbow
rCold   . . .      Faith    .   (shield currently unavailable)
rNeg    + . .      Spirit   .   c - +0 leather armour
rPois   ∞          Reflect  .   n - +1 hat
rElec   +          Harm     .   (no cloak)
rCorr   .          Rampage  .   (no gloves)
Will    .....                   (no boots)
Stlth   ++........              (no amulet)
HPRegen 0.10/turn               (no ring)
MPRegen 0.09/turn               (no ring)

@: no status effects
A: sickness immunity, AC +4, negative energy resistance 1, electricity
resistance, torment resistance 1, petrification resistance
a: no special abilities


You were on level 3 of the Dungeon.
You visited 1 branch of the dungeon, and saw 3 of its levels.

You collected 134 gold pieces.
You spent 33 gold pieces at shops.

Inventory:

Hand Weapons
 a - a +0 shortbow (weapon)
Armour
 c - a +0 leather armour (worn)
 n - a +1 hat (worn)
Wands
 g - a wand of iceblast (6)
Scrolls
 b - a scroll of immolation
 f - a scroll of magic mapping {unknown}
 k - a scroll of teleportation
Potions
 d - 4 potions of heal wounds
 e - 2 potions of curing
 h - a potion of resistance {unknown}
 i - a potion of lignification {unknown}
 j - 2 potions of degeneration {unknown}
 l - a potion of attraction {unknown}


   Skills:
 - Level 2.1 Fighting
 * Level 6.2 Ranged Weapons
 - Level 1.5 Dodging
 - Level 1.1 Stealth


You had 4 spell levels left.
You didn't know any spells.
Your spell library contained the following spells:

 Spells                   Type           Power      Damage    Failure   Level
 Apportation              Tloc           0%         N/A       43%         1
 Summon Guardian Golem    Hex/Summ       0%         N/A       82%         3
 Alistair's Intoxication  Tmut/Pois      0%         N/A       100%        5
 Orb of Destruction       Conj           0%         9d5       100%        7
 Spellforged Servitor     Conj/Summ      0%         N/A       100%        7


Dungeon Overview and Level Annotations

Branches:
Dungeon (3/15)

Altars:
Ashenzari
Dithmenos
Hepliaklqana
Ru

Shops:
D:2 ?


Innate Abilities, Weirdness & Mutations

You are immune to sickness and miasma.
Your stone body is resilient. (AC +4)
You are immune to poison.
You resist negative energy. (rN+)
You are resistant to electric shocks. (rElec)
You are resistant to unholy torment.
You are immune to petrification.


Message History

The gnoll is heavily wounded.
The gnoll hits you with a +0 club.
You shoot an arrow.
The arrow hits the gnoll but does no damage.
The gnoll is severely wounded.
The gnoll hits you but does no damage.
You shoot an arrow.
The arrow hits the gnoll but does no damage.
The gnoll is severely wounded.
The gnoll barely misses you.
You shoot an arrow.
The arrow hits the gnoll but does no damage.
The gnoll is severely wounded.
The gnoll barely misses you. The gnoll hits you but does no damage.
You shoot an arrow. The arrow hits the gnoll.
You kill the gnoll!
You shoot an arrow. The arrow hits the gnoll.
The gnoll is severely wounded.
The gnoll hits you with a +2 flail of protection!
You are too injured to fight recklessly!
You are too injured to fight recklessly!
You are too injured to fight recklessly!
You are too injured to fight recklessly!
You are too injured to fight recklessly!
Fire: a) +0 shortbow
Press: ? - help, Q - select action, (/) - cycle Shift-Dir - straight line, f/p - gnoll
Aim: a gnoll, wielding a +2 flail of protection (severely wounded, 66% to hit)
You shoot an arrow.
The arrow hits the gnoll but does no damage.
The gnoll is severely wounded.
The gnoll hits you with a +2 flail of protection!
* * * LOW HITPOINT WARNING * * *
Fire: a) +0 shortbow
Press: ? - help, Q - select action, (/) - cycle Shift-Dir - straight line, f/p - gnoll
Aim: a gnoll, wielding a +2 flail of protection (severely wounded, 66% to hit)
You shoot an arrow. The arrow hits the gnoll.
The gnoll is almost dead.
The gnoll misses you.
The gnoll hits you with a +2 flail of protection!
You die...

# .# .# ########.# ..
.........# #.
#.......#
#.##..###.......#
......)g@....>..# ##
#.###.###.......# #.
.. #.......# #. ...
###.....†.# #† ...
#>......#)# #. ..
..#.###...#.# #. .
#.#.###...#.# #.
#.#.......#.########.
#.#####.#............


You could see a gnoll.

Vanquished Creatures
  4 gnolls
  4 adders
  A worm (D:2)
  A dart slug (D:1)
  3 ball pythons
  4 bats
  4 endoplasms
  5 giant cockroaches
  4 goblins
  6 hobgoblins
  A kobold (D:3)
  2 quokkas
  4 frilled lizards
  7 rats
50 creatures vanquished.

Notes
Turn   | Place    | Note
-------+----------+-------------------------------------------
     0 | D:1      | HoaS the Gargoyle Hunter began the quest for the Orb.
     0 | D:1      | Reached XP level 1. HP: 12/12 MP: 1/1
    20 | D:1      | Found a faded altar of an unknown god.
    42 | D:1      | Reached XP level 2. HP: 17/17 MP: 2/2
   520 | D:2      | Reached XP level 3. HP: 21/21 MP: 3/3
   546 | D:2      | Found Toat Ola's Magic Scroll Boutique.
   554 | D:2      | Bought a scroll of teleportation for 33 gold pieces
   588 | D:2      | Reached skill level 5 in Ranged Weapons
  1064 | D:3      | Found a sacrificial altar of Ru.
  1079 | D:3      | Reached XP level 4. HP: 26/26 MP: 4/4
  1306 | D:3      | Found a broken altar of Ashenzari.
  1355 | D:3      | Found a hazy altar of Hepliaklqana.
  1355 | D:3      | Found a shadowy altar of Dithmenos.
  1357 | D:3      | Noticed a shadow
  1681 | D:3      | Reached skill level 6 in Ranged Weapons
  1684 | D:3      | Reached XP level 5. HP: 30/30 MP: 5/5
  1696 | D:3      | Mangled by a gnoll

Illustrated notes

Levels and vault maps discovered:
D:1:      kennysheep_arrival_forest, layout_basic,
          chequers_ecumenical_altar_island
D:2:      layout_rooms, serial_shops, shop, nicolae_kite_square_tiling_tiny
D:3:      layout_basic, mainiacjoe_overflow_cross_hatched,
          evilmike_ruin_ashenzari, riverfiend_overflow_shadow_ancestor

Skill      XL: |  1  2  3  4 |
---------------+-------------+-----
Ranged Weapons | 5 6 |  6.2
Fighting       | |  2.1
Dodging        | |  1.5
Stealth        | |  1.1

Action                   |  1- 3 |  4- 6 || total
-------------------------+-------+-------++-------
 Fire: Shortbow          |    90 |    66 ||   156
  Use: Scroll            |     4 |     1 ||     5
Armor: Leather armour    |    11 |     8 ||    19
Dodge: Dodged            |    11 |    16 ||    27

Table legend: (Time is in decaauts)
 A = Elapsed time spent in this place.
 B = Non-inter-level travel time spent in this place.
 C = Inter-level travel time spent in this place.
 D = Time resting spent in this place.
 E = Time spent auto-exploring this place.
 F = Levels seen in this place.
 G = Mean time per level.
                   A        B        C        D        E       F      G
               +--------+--------+--------+--------+--------+-----+--------+
         Total |   1738 |   1681 |     57 |      0 |   1367 |   3 |  579.3 |
       Dungeon |   1738 |   1681 |     57 |      0 |   1367 |   3 |  579.3 |
               +--------+--------+--------+--------+--------+-----+--------+

Top non-repeatable levels by time:
     D:3: 650 daAuts
     D:2: 563 daAuts
     D:1: 524 daAuts
